[Event "Queens Festival Europe 2022"]
[Site "Tornelo"]
[Date "2022.06.19"]
[Round "9.15"]
[White "Rashidova, Nargiz"]
[Black "Echimescu, Otilia-Elena"]
[Result "1-0"]
[ECO "A48"]
[WhiteElo "1341"]
[BlackElo "1314"]
[Annotator "NA RC"]
[PlyCount "113"]
[EventDate "2022.06.19"]
[EventType "swiss"]
[EventCountry "NET"]
[SourceTitle "playchess.com"]
[Source "ChessBase"]
[SourceQuality "1"]
[TimeControl "180+2"]

1. d4 d6 2. Nf3 Nf6 3. Bf4 g6 4. e3 Bg7 5. Bd3 O-O 6. Qd2 Nbd7 7. c3 Nh5 8. Bg3 Nxg3 9. hxg3 e5 10. O-O Re8 11. dxe5 Nxe5 12. Nxe5 Bxe5 13. Na3 c5 14. Nc4 Bf6 15. Be2 d5 16. Na3 Be6 17. Rfd1 Re7 18. e4 Rd7 19. exd5 Rxd5 20. Qf4 Bg5 21. Qf3 Rxd1+ 22. Rxd1 Qf6 23. Qxf6 Bxf6 24. Bc4 Bxc4 25. Nxc4 Rd8 26. Rxd8+ Bxd8 27. Nd6 b6 28. Nc8 a6 29. Na7 Bg5 30. Nc8 Bc1 31. Nxb6 Bxb2 32. c4 Bd4 33. a4 f5 34. Nc8 Kf7 35. Nb6 Ke6 36. Nd5 a5 37. Nc7+ Ke5 38. Nb5 h6 39. Kf1 Ke4 40. Ke2 g5 41. f3+ Ke5 42. Kd3 f4 43. g4 Be3 44. Nc7 Kf6 45. Nd5+ Ke5 46. Nxe3 fxe3 47. Kxe3 Ke6 48. g3 Ke5 49. f4+ Kf6 50. Ke4 Ke6 51. f5+ Kf6 52. Kd5 Ke7 53. Kxc5 Kf6 54. Kb6 Ke5 55. c5 Kf6 56. c6 Ke5 57. c7 1-0

[Event "Queens Festival Europe 2022"]
[Site "Tornelo"]
[Date "2022.06.19"]
[Round "10.1"]
[White "Amrayeva, Aytan"]
[Black "Ismayil, Malak"]
[Result "0-1"]
[ECO "E32"]
[WhiteElo "2143"]
[BlackElo "2001"]
[Annotator "NA RC"]
[PlyCount "110"]
[EventDate "2022.06.19"]
[EventType "swiss"]
[EventCountry "NET"]
[SourceTitle "playchess.com"]
[Source "ChessBase"]
[SourceQuality "1"]
[TimeControl "180+2"]

1. d4 Nf6 2. c4 e6 3. Nc3 Bb4 4. Qc2 O-O 5. Bg5 h6 6. Bh4 Be7 7. e3 d6 8. Bd3 Nc6 9. Nge2 e5 10. a3 a5 11. d5 Nb8 12. O-O-O Nxd5 13. Bxe7 Nxe7 14. g4 Bxg4 15. Rhg1 Qd7 16. Rg3 f5 17. Rdg1 Rf7 18. h3 Bh5 19. c5 d5 20. Bb5 c6 21. Ba4 Na6 22. Nb1 Nxc5 23. Qxc5 Bxe2 24. f4 e4 25. Qd4 Nc8 26. Nc3 b5 27. Nxe2 bxa4 28. Qe5 Re7 29. Qc3 Nd6 30. Nd4 Ne8 31. Kb1 Rc8 32. Qxa5 c5 33. Nb5 d4 34. exd4 cxd4 35. Rd1 d3 36. Nc3 e3 37. Nd5 e2 38. Rdg1 Rf7 39. Rxd3 Qc6 40. Qd2 Qe6 41. Re1 Nd6 42. Rxe2 Ne4 43. Qe1 Rd7 44. Nb4 Rxd3 45. Nxd3 Qc4 46. Nf2 Nc5 47. Re8+ Rxe8 48. Qxe8+ Kh7 49. Qe1 Qxf4 50. Qg1 Qf3 51. h4 Nb3 52. Ka2 Qd5 53. Kb1 Nd2+ 54. Ka1 Nf3 55. h5 Nxg1 0-1

[Event "Queens Festival Europe 2022"]
[Site "Tornelo"]
[Date "2022.06.19"]
[Round "10.1"]
[White "Vujcic, Milena"]
[Black "Sava, Ana-Maria"]
[Result "1-0"]
[ECO "B98"]
[WhiteElo "1987"]
[BlackElo "1916"]
[Annotator "NA RC"]
[PlyCount "63"]
[EventDate "2022.06.19"]
[EventType "swiss"]
[EventCountry "NET"]
[SourceTitle "playchess.com"]
[Source "ChessBase"]
[SourceQuality "1"]
[TimeControl "180+2"]

1. e4 c5 2. Nf3 d6 3. d4 cxd4 4. Nxd4 Nf6 5. Nc3 a6 6. Bg5 h6 7. Bh4 e6 8. f4 Be7 9. Qf3 Nbd7 10. O-O-O Qc7 11. Bxf6 Nxf6 12. g4 Rb8 13. h4 b5 14. Bd3 b4 15. Nce2 Bb7 16. g5 Nd7 17. Qh5 Nc5 18. f5 Nxd3+ 19. Rxd3 e5 20. Ne6 Qc4 21. Nxg7+ Kf8 22. Ne6+ Ke8 23. g6 fxg6 24. Qxg6+ Kd7 25. Ng3 Bxe4 26. Nxe4 Rhc8 27. N4c5+ Rxc5 28. Nxc5+ Qxc5 29. Qe6+ Kc6 30. Qxe7 Kb5 31. Rhd1 Rb6 32. Rd5 1-0

[Event "Queens Festival Europe 2022"]
[Site "Tornelo"]
[Date "2022.06.19"]
[Round "10.1"]
[White "Vicze, Zsofia"]
[Black "Posadas, Rayelynn"]
[Result "1-0"]
[ECO "B38"]
[WhiteElo "1749"]
[BlackElo "1648"]
[Annotator "NA RC"]
[PlyCount "61"]
[EventDate "2022.06.19"]
[EventType "swiss"]
[EventCountry "NET"]
[SourceTitle "playchess.com"]
[Source "ChessBase"]
[SourceQuality "1"]
[TimeControl "180+2"]

1. e4 c5 2. Nf3 e6 3. c4 Nc6 4. Nc3 a6 5. Be2 Nge7 6. O-O g6 7. d4 cxd4 8. Nxd4 Bg7 9. Be3 O-O 10. Rc1 Qc7 11. b3 b6 12. f4 Bb7 13. Bf3 Nxd4 14. Bxd4 Rfd8 15. Bxg7 Kxg7 16. g3 Qc5+ 17. Kh1 Nc6 18. Qd3 Nd4 19. Bg2 Rac8 20. Rcd1 Nc6 21. Rfe1 Nb4 22. Qd2 d5 23. exd5 exd5 24. Qb2 Kg8 25. a3 Nc6 26. Nxd5 b5 27. Nf6+ Kf8 28. Nxh7+ Kg8 29. Nf6+ Kf8 30. Nd7+ Rxd7 31. Qh8# 1-0

[Event "Queens Festival Europe 2022"]
[Site "Tornelo"]
[Date "2022.06.19"]
[Round "10.1"]
[White "Catabay, Mae Katelyn Rose"]
[Black "Valiyeva, Asnad"]
[Result "1-0"]
[ECO "B17"]
[WhiteElo "1321"]
[BlackElo "1237"]
[Annotator "NA RC"]
[PlyCount "121"]
[EventDate "2022.06.19"]
[EventType "swiss"]
[EventCountry "NET"]
[SourceTitle "playchess.com"]
[Source "ChessBase"]
[SourceQuality "1"]
[TimeControl "180+2"]

1. e4 c6 2. d4 d5 3. Nc3 dxe4 4. Nxe4 Nd7 5. Nf3 Ngf6 6. Ng3 Nb6 7. Bd3 Bg4 8. c3 e6 9. Be3 Be7 10. O-O Nbd5 11. h3 Bxf3 12. Qxf3 O-O 13. a3 h6 14. c4 Nxe3 15. fxe3 Bd6 16. Ne4 Be7 17. Nxf6+ Bxf6 18. Qe4 g6 19. Qg4 Bg7 20. h4 h5 21. Qe4 Qd7 22. Rf2 f5 23. Qf4 Qe7 24. Qg3 Kh7 25. Raf1 e5 26. d5 e4 27. Bb1 cxd5 28. cxd5 Be5 29. Qg5 Bf6 30. Qf4 Bxh4 31. Rc2 Rfc8 32. Rfc1 Rxc2 33. Rxc2 Qg5 34. Rc7+ Kh6 35. Rxb7 Qxf4 36. exf4 Re8 37. Kf1 e3 38. Ke2 Bg3 39. Rxa7 Bxf4 40. Ra6 Kg5 41. d6 Rd8 42. Bd3 h4 43. b4 Kg4 44. d7 Kg5 45. Bb5 Kh5 46. Rc6 Bg5 47. Rc8 Kg4 48. Rxd8 Bxd8 49. Kxe3 Kg3 50. Bc6 g5 51. a4 f4+ 52. Ke2 h3 53. gxh3 Kxh3 54. a5 g4 55. a6 f3+ 56. Kf2 Bb6+ 57. Kf1 Kh2 58. a7 g3 59. Bxf3 g2+ 60. Bxg2 Bxa7 61. d8=Q 1-0

[Event "Queens Festival Europe 2022"]
[Site "Tornelo"]
[Date "2022.06.19"]
[Round "10.2"]
[White "Gueci, Tea"]
[Black "Head, Louise"]
[Result "1-0"]
[ECO "B12"]
[WhiteElo "2248"]
[BlackElo "2025"]
[Annotator "TA"]
[PlyCount "101"]
[EventDate "2022.06.19"]
[EventType "swiss"]
[EventCountry "NET"]
[SourceTitle "playchess.com"]
[Source "ChessBase"]
[SourceQuality "1"]
[TimeControl "180+2"]

1. e4 c6 2. d4 d5 3. e5 c5 4. dxc5 e6 5. a3 Bxc5 6. b4 {[%emt 0:00:02] B12: Caro-Kann: Advance Variation.} Bf8 7. Bb2 a5 8. b5 {[%emt 0:00:04] The position is equal.} ({Much weaker is} 8. Bb5+ Bd7 9. Bd3 axb4 $15) 8... Nd7 9. Nf3 Bc5 {[%emt 0:00:07] [#]} 10. Bd3 $146 ({Predecessor:} 10. Qd2 Ne7 11. Bd3 Bb6 12. Qg5 Ng6 13. Qg3 Nc5 14. h4 Nxd3+ 15. cxd3 h5 16. Nbd2 {0-1 (35) Toma,K (2272)-Head,L (2100) London 2019}) 10... Ne7 11. O-O O-O $2 {[%emt 0:00:06] [#]} (11... b6 $11) 12. h4 $2 (12. Bxh7+ $1 $18 Kh8 13. Ng5) 12... g6 (12... Ng6 $11 {keeps the balance.}) 13. h5 (13. Qc1 $16) 13... Nf5 (13... gxh5 $2 14. Ng5 h6 15. Qxh5 $18 (15. Nh7 Ng6 $16)) 14. Bxf5 (14. Qc1 $14) 14... gxf5 $11 15. Qd2 (15. Nc3 $11 {remains equal.}) 15... Kh8 $1 $17 16. Ng5 (16. Nc3 $15) 16... Be7 17. f4 h6 18. Nf3 Qb6+ 19. Nd4 Nc5 20. Nc3 {[%emt 0:00:05] Inhibits Na4.} ({Better is} 20. a4) 20... a4 $1 21. Rae1 Bd7 22. Kh1 {[%emt 0:00:13][%cal Od4f5] [#] And now Nxf5! would win.} Rg8 $2 {[%emt 0:00:01][%mdl 8192] [#]} (22... Qd8 $1 $17 {keeps the pressure on.} 23. Nxd5 Bh4) 23. Nxf5 $1 $18 {[%emt 0:00:21][%mdl 512] White leaves nothing to chance now.} exf5 (23... Qd8) (23... Bxb5 24. Nxd5) 24. e6 $1 d4 (24... Qd8 $142) 25. Nd5 Ne4 26. Rxe4 fxe4 27. Nxb6 Bxe6 28. Qxd4+ f6 29. Qxe4 Rg4 30. Nxa8 Bc5 31. Bd4 Rh4+ 32. Kg1 Bd5 33. Qe8+ Kg7 34. Bxc5 Rg4 35. Qg6+ Rxg6 36. hxg6 Kxg6 37. Nc7 (37. f5+ $142 Kf7 38. Rf4 h5 39. Rxa4 Kg7 40. Nc7 Ba2 41. Ra7 h4 42. Rxb7) 37... Bc4 38. Rf3 (38. f5+ $142 Kh7 39. Rf4 Bg8 40. Rxa4 Bf7 41. Ra7 Bg6 42. Rxb7 Bxf5 43. Ne8+ Bd7 44. Rxd7+ Kg6 45. b6) 38... Kf5 39. Rc3 Bf7 40. Be7 h5 41. g3 (41. Kf2 $142 Ke4 42. Bxf6 Kf5 43. Be5 h4 44. Bd6 Ke4 45. Re3+ Kd4 46. Be5+ Kc5 47. Rc3+ Bc4 48. f5) 41... h4 42. gxh4 {[%emt 0:00:02] White mates.} Kxf4 43. Kf2 Kf5 44. b6 Ke5 45. Rc5+ Kd4 46. h5 f5 47. h6 Bg6 48. Ne6+ Ke4 49. Nf8 Be8 50. h7 f4 51. h8=Q {[%emt 0:00:02] Weighted Error Value: White=0.26 (precise) /Black=0.61} 1-0

[Event "Queens Festival Europe 2022"]
[Site "Tornelo"]
[Date "2022.06.19"]
[Round "10.2"]
[White "Mammadova, Aysel"]
[Black "Deak-Sala, Emilia"]
[Result "1-0"]
[ECO "B22"]
[WhiteElo "1893"]
[BlackElo "1883"]
[Annotator "NA RC"]
[PlyCount "79"]
[EventDate "2022.06.19"]
[EventType "swiss"]
[EventCountry "NET"]
[SourceTitle "playchess.com"]
[Source "ChessBase"]
[SourceQuality "1"]
[TimeControl "180+2"]

1. e4 c5 2. c3 Nf6 3. e5 Nd5 4. d4 cxd4 5. Nf3 Nc6 6. cxd4 d6 7. Bc4 Nb6 8. Bb5 d5 9. O-O Bg4 10. Be3 e6 11. Nbd2 Be7 12. Rc1 Rc8 13. a3 O-O 14. Bxc6 bxc6 15. b4 Qd7 16. h3 Bh5 17. Qb3 Bxf3 18. Nxf3 Nc4 19. Nd2 Nxd2 20. Bxd2 Qb7 21. Rc3 f6 22. exf6 Bxf6 23. Be3 e5 24. dxe5 Bxe5 25. Rc2 Kh8 26. Rfc1 Qd7 27. Qd3 d4 28. Bd2 Qf7 29. Be1 Qf6 30. Qe4 a5 31. Rxc6 Rxc6 32. Rxc6 Qg5 33. Re6 Bf4 34. g3 Bc7 35. Re8 Qf6 36. Rxf8+ Qxf8 37. Qxd4 axb4 38. Bxb4 Qe8 39. Qe3 h6 40. Qxe8+ 1-0

[Event "Queens Festival Europe 2022"]
[Site "Tornelo"]
[Date "2022.06.19"]
[Round "10.2"]
[White "Rybackova, Lucie"]
[Black "Thornton, Filipina"]
[Result "0-1"]
[ECO "D78"]
[WhiteElo "1696"]
[BlackElo "1660"]
[Annotator "NA RC"]
[PlyCount "88"]
[EventDate "2022.06.19"]
[EventType "swiss"]
[EventCountry "NET"]
[SourceTitle "playchess.com"]
[Source "ChessBase"]
[SourceQuality "1"]
[TimeControl "180+2"]

1. d4 Nf6 2. Nf3 g6 3. g3 Bg7 4. Bg2 c6 5. c4 d5 6. Nc3 O-O 7. O-O Bg4 8. Ne5 dxc4 9. Nxc4 Nbd7 10. h3 Be6 11. Na3 Nd5 12. Nc2 N7f6 13. e4 Nxc3 14. bxc3 Qa5 15. Qd3 Rfd8 16. Be3 Rac8 17. f4 Qa4 18. Rfd1 Bc4 19. Qd2 c5 20. d5 b6 21. Bf2 Ba6 22. Ne3 Nxe4 23. Bxe4 Qxe4 24. Rab1 Bb7 25. c4 Bd4 26. Re1 Qf3 27. Ng4 Bxf2+ 28. Qxf2 Qc3 29. Rbc1 Qa3 30. Qe3 Qxa2 31. Qxe7 Qb2 32. Nf6+ Kg7 33. d6 Qxf6 34. Qxb7 Qxd6 35. Qxa7 Qd4+ 36. Kh1 Qxc4 37. Qxb6 Qd5+ 38. Kg1 Qd4+ 39. Kh1 Qd3 40. Qb2+ Kg8 41. Qg2 c4 42. Qf2 c3 43. Re3 Qd5+ 44. Qg2 Qd2 0-1

[Event "Queens Festival Europe 2022"]
[Site "Tornelo"]
[Date "2022.06.19"]
[Round "10.2"]
[White "Bakhshizada, Asnad"]
[Black "Helgadottir, Idunn"]
[Result "1-0"]
[ECO "E52"]
[WhiteElo "1052"]
[BlackElo "1570"]
[Annotator "NA RC"]
[PlyCount "77"]
[EventDate "2022.06.19"]
[EventType "swiss"]
[EventCountry "NET"]
[SourceTitle "playchess.com"]
[Source "ChessBase"]
[SourceQuality "1"]
[TimeControl "180+2"]

1. d4 Nf6 2. c4 e6 3. Nc3 Bb4 4. e3 O-O 5. Nf3 d5 6. cxd5 Nxd5 7. Bd2 b6 8. Bd3 Bb7 9. O-O Nxc3 10. bxc3 Bd6 11. e4 Nd7 12. e5 Be7 13. Re1 c5 14. Be3 cxd4 15. cxd4 Bb4 16. Re2 Bxf3 17. gxf3 Qh4 18. Be4 Rac8 19. Qf1 f5 20. Bd3 Bc3 21. Rc1 Bxd4 22. Rxc8 Rxc8 23. Ba6 Rc7 24. f4 Bxe3 25. fxe3 Rc3 26. Rd2 Qg4+ 27. Kh1 Nc5 28. Rd8+ Kf7 29. Be2 Qh4 30. Rc8 Rxe3 31. Rc7+ Kg6 32. Qg1+ Rg3 33. Qxg3+ Qxg3 34. hxg3 Ne4 35. Bb5 Nxg3+ 36. Kg2 Nh5 37. Be8+ Kh6 38. Bxh5 Kxh5 39. Rxg7 1-0

[Event "Queens Festival Europe 2022"]
[Site "Tornelo"]
[Date "2022.06.19"]
[Round "10.3"]
[White "Okuyaz, Duru"]
[Black "Ayzenberg, Alena"]
[Result "1/2-1/2"]
[ECO "C00"]
[WhiteElo "2090"]
[BlackElo "2016"]
[Annotator "NA RC"]
[PlyCount "185"]
[EventDate "2022.06.19"]
[EventType "swiss"]
[EventCountry "NET"]
[SourceTitle "playchess.com"]
[Source "ChessBase"]
[SourceQuality "1"]
[TimeControl "180+2"]

1. e4 e6 2. d3 d5 3. Nd2 Nf6 4. Ngf3 Nc6 5. g3 dxe4 6. dxe4 e5 7. Bg2 Bc5 8. O-O a5 9. c3 O-O 10. Qe2 b6 11. Rd1 Ba6 12. Nc4 Bxc4 13. Qc2 Qe7 14. b3 Ba6 15. Bg5 Rfd8 16. Nh4 Bc8 17. a3 Be6 18. b4 axb4 19. cxb4 Bd4 20. Qxc6 Bxa1 21. Rxa1 Qd7 22. Qc3 Qd4 23. Qe1 Bb3 24. Nf5 Qd3 25. Bxf6 gxf6 26. Bf1 Qd2 27. Qb1 Bc2 28. Qb2 Bxe4 29. Ne7+ Kg7 30. Qb3 Rd7 31. Qc4 Rxe7 32. Qxe4 Rd8 33. Re1 Qg5 34. h4 Qg6 35. Qe2 Red7 36. Bg2 Rd2 37. Qe3 R2d3 38. Qe2 Rd2 39. Qf3 e4 40. Qf4 f5 41. h5 Qf6 42. Bh3 Rd1 43. Rxd1 Rxd1+ 44. Kg2 Rd7 45. Bxf5 Re7 46. g4 h6 47. Qe3 Qg5 48. Qd4+ Qf6 49. Qd8 Qe5 50. Qd2 e3 51. fxe3 Qxe3 52. Qb2+ Qe5 53. Qc1 Qd5+ 54. Kh3 Qd6 55. g5 Re5 56. gxh6+ Qxh6 57. Qg1+ Kf6 58. Bg4 Qf4 59. Kh4 Re4 60. Qg2 Qxg4+ 61. Qxg4 Rxg4+ 62. Kxg4 c5 63. bxc5 bxc5 64. a4 c4 65. a5 c3 66. a6 c2 67. a7 c1=Q 68. a8=Q Qg5+ 69. Kh3 Qxh5+ 70. Kg2 Qg4+ 71. Kf2 Qf4+ 72. Ke1 Qe3+ 73. Kf1 Qf4+ 74. Kg1 Qg5+ 75. Kf1 Qf5+ 76. Kg1 Qg5+ 77. Kf1 Kg7 78. Qa7 Qf5+ 79. Kg1 Kg6 80. Qb6+ f6 81. Qd8 Qg4+ 82. Kf1 Qf4+ 83. Kg1 Qe3+ 84. Kf1 Qe6 85. Qb8 f5 86. Qg3+ Kf6 87. Qc3+ Qe5 88. Qc6+ Kg5 89. Qg2+ Kf6 90. Qc6+ Kg5 91. Qg2+ Kh5 92. Qh3+ Kg5 93. Qg2+ 1/2-1/2

[Event "Queens Festival Europe 2022"]
[Site "Tornelo"]
[Date "2022.06.19"]
[Round "10.3"]
[White "Stastna, Martina"]
[Black "Shabanaj, Eglantina"]
[Result "0-1"]
[ECO "C91"]
[WhiteElo "1912"]
[BlackElo "1986"]
[Annotator "NA RC"]
[PlyCount "50"]
[EventDate "2022.06.19"]
[EventType "swiss"]
[EventCountry "NET"]
[SourceTitle "playchess.com"]
[Source "ChessBase"]
[SourceQuality "1"]
[TimeControl "180+2"]

1. e4 e5 2. Nf3 Nc6 3. Bb5 a6 4. Ba4 b5 5. Bb3 d6 6. c3 Be7 7. O-O Nf6 8. d4 Bg4 9. d5 Na5 10. Bc2 O-O 11. h3 Bh5 12. Nbd2 c5 13. dxc6 Nxc6 14. Re1 Qd7 15. Nf1 Rad8 16. Ng3 Bg6 17. Bg5 Nh5 18. Bxe7 Nxe7 19. Nxh5 Bxh5 20. Qd3 Ng6 21. Rad1 Nf4 22. Qe3 h6 23. Kh2 Rfe8 24. g3 Qxh3+ 25. Kg1 Qg2# 0-1

[Event "Queens Festival Europe 2022"]
[Site "Tornelo"]
[Date "2022.06.19"]
[Round "10.3"]
[White "Bayona, Karin Silvana"]
[Black "Lampard, Alice"]
[Result "0-1"]
[ECO "B34"]
[WhiteElo "1793"]
[BlackElo "1756"]
[Annotator "NA RC"]
[PlyCount "88"]
[EventDate "2022.06.19"]
[EventType "swiss"]
[EventCountry "NET"]
[SourceTitle "playchess.com"]
[Source "ChessBase"]
[SourceQuality "1"]
[TimeControl "180+2"]

1. e4 c5 2. Nf3 Nc6 3. d4 cxd4 4. Nxd4 g6 5. Nc3 Bg7 6. Be3 Nf6 7. Be2 O-O 8. O-O d5 9. Nxc6 bxc6 10. exd5 Nxd5 11. Nxd5 cxd5 12. c3 a5 13. Qd2 e6 14. Bh6 Ba6 15. Bxg7 Kxg7 16. Qd4+ Qf6 17. Qxf6+ Kxf6 18. Bxa6 Rxa6 19. Rfe1 Rb8 20. Re2 Rab6 21. Rb1 a4 22. g3 Rc8 23. Kg2 Rxc3 24. Rd2 Rc4 25. Rd3 Rcb4 26. Rd2 Ke5 27. Kf3 Kd6 28. Rc2 Rc6 29. Rd2 Rc3+ 30. Ke2 Rcc4 31. a3 Rb3 32. f3 Rc5 33. Kf2 Rcb5 34. Ke2 Rxa3 35. Rc2 Rab3 36. f4 a3 37. Rbc1 Rxb2 38. Kf3 a2 39. Rc6+ Ke7 40. Rc7+ Kf6 41. g4 R5b3+ 42. R7c3 Rxc3+ 43. Rxc3 a1=Q 44. g5+ Kg7 0-1

[Event "Queens Festival Europe 2022"]
[Site "Tornelo"]
[Date "2022.06.19"]
[Round "10.4"]
[White "Tsakona, Maria"]
[Black "Machlik, Monika"]
[Result "0-1"]
[ECO "B13"]
[WhiteElo "2007"]
[BlackElo "2134"]
[Annotator "NA RC"]
[PlyCount "190"]
[EventDate "2022.06.19"]
[EventType "swiss"]
[EventCountry "NET"]
[SourceTitle "playchess.com"]
[Source "ChessBase"]
[SourceQuality "1"]
[TimeControl "180+2"]

1. e4 c6 2. d4 d5 3. exd5 cxd5 4. Bd3 Nc6 5. c3 Nf6 6. h3 g6 7. Nf3 Bf5 8. Ne5 Bxd3 9. Nxd3 Bg7 10. O-O Ne4 11. Bf4 O-O 12. Nd2 Nxd2 13. Qxd2 e6 14. Rfe1 Re8 15. Bg5 Qc7 16. h4 b5 17. a3 a5 18. b4 axb4 19. axb4 Qb6 20. h5 Ra7 21. Qf4 Rea8 22. Rxa7 Rxa7 23. h6 Bh8 24. Nc5 Qc7 25. Qh4 Ne7 26. g4 Qd8 27. Nd3 Qf8 28. Kg2 f6 29. Bd2 Qf7 30. Nc5 e5 31. dxe5 fxe5 32. Bg5 Nc6 33. Qg3 e4 34. Rd1 Be5 35. Qe3 Ra8 36. Rf1 Ra3 37. Rc1 Bf6 38. Bf4 Be5 39. Bg5 Qe8 40. Qd2 Qf7 41. Be3 Bf6 42. Qc2 Rxc3 43. Qd2 Rxc1 44. Qxc1 d4 45. Bf4 Be5 46. Bg5 Qf3+ 47. Kg1 Qxg4+ 48. Kf1 Qh3+ 49. Ke2 Qg4+ 50. Kf1 Qh3+ 51. Ke2 Qf3+ 52. Kf1 Qh1+ 53. Ke2 Qxc1 54. Bxc1 Nxb4 55. Nxe4 d3+ 56. Kd1 Bd4 57. Bd2 Nd5 58. Nd6 b4 59. Nb5 Bc3 60. Nd6 Kf8 61. Ne4 Ke7 62. Nc5 Kd6 63. Nxd3 Ke6 64. Nf4+ Nxf4 65. Bxf4 Kf5 66. Be3 Ke4 67. Kc2 Be5 68. Kb3 Bf4 69. Bc5 Bxh6 70. Kxb4 Kf3 71. Kc4 Bf4 72. Kd3 h5 73. Be7 g5 74. Bc5 h4 75. Bb4 h3 76. Kc2 h2 77. Kd1 h1=Q+ 78. Kc2 Qg2 79. Kb3 Qxf2 80. Ka4 Qe2 81. Ka5 Qd3 82. Kb6 Be3+ 83. Ka5 Qd5+ 84. Ka4 Qc6+ 85. Kb3 Qd5+ 86. Ka4 g4 87. Ka3 g3 88. Ka4 g2 89. Ka3 Bc5 90. Ka4 Bxb4 91. Kxb4 g1=Q 92. Ka4 Qg4+ 93. Ka3 Qge4 94. Kb2 Qd2+ 95. Ka1 Qee1# 0-1

[Event "Queens Festival Europe 2022"]
[Site "Tornelo"]
[Date "2022.06.19"]
[Round "10.4"]
[White "Mdivani, Maka"]
[Black "Shuqja, Klean"]
[Result "0-1"]
[ECO "E32"]
[WhiteElo "1901"]
[BlackElo "1839"]
[Annotator "NA RC"]
[PlyCount "88"]
[EventDate "2022.06.19"]
[EventType "swiss"]
[EventCountry "NET"]
[SourceTitle "playchess.com"]
[Source "ChessBase"]
[SourceQuality "1"]
[TimeControl "180+2"]

1. d4 Nf6 2. c4 e6 3. Nf3 Bb4+ 4. Nc3 O-O 5. Qc2 b6 6. e4 Bb7 7. Bd3 Bxc3+ 8. bxc3 h6 9. O-O d6 10. h3 Nbd7 11. Bf4 Qe7 12. Rfe1 e5 13. Bh2 c5 14. Rad1 Rac8 15. Qd2 cxd4 16. cxd4 Rc7 17. Nh4 Ne8 18. Nf5 Qf6 19. Bg3 exd4 20. Bh4 g5 21. Bg3 Ne5 22. Bb1 Nxc4 23. Qe2 Ng7 24. Nxd4 Ne5 25. Nb5 Rd7 26. Rd2 Ba6 27. a4 Bxb5 28. Qxb5 Rfd8 29. Red1 Ng6 30. Ba2 Nf4 31. Qb3 Ngh5 32. Bxf4 Nxf4 33. Rd4 Ng6 34. R4d3 Ne5 35. Re3 Kg7 36. Qc2 Qf4 37. Qe2 Qf6 38. g3 Rc7 39. Kg2 Rdc8 40. Bd5 Rc2 41. Rd2 Rxd2 42. Qxd2 Nc4 43. Qc2 Nxe3+ 44. fxe3 Rxc2+ 0-1

[Event "Queens Festival Europe 2022"]
[Site "Tornelo"]
[Date "2022.06.19"]
[Round "10.4"]
[White "van den Brink, Nienke"]
[Black "Stadlinger, Lea"]
[Result "0-1"]
[ECO "C45"]
[WhiteElo "1771"]
[BlackElo "1723"]
[Annotator "NA RC"]
[PlyCount "92"]
[EventDate "2022.06.19"]
[EventType "swiss"]
[EventCountry "NET"]
[SourceTitle "playchess.com"]
[Source "ChessBase"]
[SourceQuality "1"]
[TimeControl "180+2"]

1. e4 e5 2. Nf3 Nc6 3. d4 exd4 4. Nxd4 Bc5 5. Nb3 Bb6 6. Nc3 d6 7. Qe2 Be6 8. Be3 Nf6 9. f3 O-O 10. O-O-O Bxe3+ 11. Qxe3 a5 12. g4 a4 13. Nd4 Nxd4 14. Qxd4 Qe8 15. h4 Nd7 16. Nd5 Qd8 17. a3 Ne5 18. Qc3 c6 19. Nf4 b5 20. Nxe6 fxe6 21. Be2 Rb8 22. Rhf1 Qxh4 23. f4 Nf7 24. Qxc6 Rfc8 25. Qd7 Qh2 26. Bd3 b4 27. Qxa4 bxa3 28. Qxa3 Ra8 29. Ba6 Rc6 30. Rd2 Qh4 31. Qf3 Rcxa6 32. Kd1 Ra1+ 33. Ke2 Qh2+ 34. Rf2 Qh4 35. Rg2 Qd8 36. Qh3 Qb6 37. Rh2 h6 38. Rg2 Qxb2 39. c4 Qb4 40. Qd3 R8a3 41. Qc2 Qc5 42. Rg3 Rxg3 43. Qb2 Rg2+ 44. Kf3 Rxd2 45. Qxd2 Qg1 46. Ke2 Rf1 0-1

[Event "Queens Festival Europe 2022"]
[Site "Tornelo"]
[Date "2022.06.19"]
[Round "10.4"]
[White "Vujovic, Vera"]
[Black "Strnadova, Monika"]
[Result "1-0"]
[ECO "B34"]
[WhiteElo "1353"]
[BlackElo "1518"]
[Annotator "NA RC"]
[PlyCount "77"]
[EventDate "2022.06.19"]
[EventType "swiss"]
[EventCountry "NET"]
[SourceTitle "playchess.com"]
[Source "ChessBase"]
[SourceQuality "1"]
[TimeControl "180+2"]

1. e4 c5 2. Nf3 Nc6 3. d4 cxd4 4. Nxd4 g6 5. Nc3 Bg7 6. Be3 Qa5 7. Qd2 Nf6 8. f3 O-O 9. h4 Qb4 10. Nb3 Nh5 11. g4 Ng3 12. Rg1 Nxf1 13. Rxf1 b6 14. h5 Ba6 15. Rh1 Ne5 16. O-O-O Nxf3 17. Qg2 Ne5 18. hxg6 fxg6 19. Qh2 Nxg4 20. Qxh7+ Kf7 21. Rhf1+ Nf6 22. Rg1 Ke8 23. Qxg7 Nxe4 24. Qxg6+ Kd8 25. Qxe4 Qxe4 26. Nxe4 Rc8 27. Ng5 Be2 28. Ne6+ Ke8 29. Nxf8 Bxd1 30. Rxd1 Kxf8 31. Rxd7 a5 32. Bxb6 a4 33. Nc5 Rc6 34. Ba7 Re6 35. Nxe6+ Ke8 36. Rb7 a3 37. bxa3 Kf7 38. Bc5 Ke8 39. Rxe7# 1-0

[Event "Queens Festival Europe 2022"]
[Site "Tornelo"]
[Date "2022.06.19"]
[Round "10.5"]
[White "Ibrahimova, Sabina"]
[Black "Sikorova, Olga"]
[Result "1-0"]
[ECO "C17"]
[WhiteElo "2146"]
[BlackElo "2173"]
[Annotator "TA"]
[PlyCount "65"]
[EventDate "2022.06.19"]
[EventType "swiss"]
[EventCountry "NET"]
[SourceTitle "playchess.com"]
[Source "ChessBase"]
[SourceQuality "1"]
[TimeControl "180+2"]

1. e4 e6 2. d4 d5 3. Nc3 Bb4 4. e5 c5 5. Bd2 Ne7 6. Nb5 Bxd2+ 7. Qxd2 O-O 8. f4 cxd4 9. Nf3 Nbc6 10. Bd3 a6 11. Nd6 (11. Nbxd4 $142 Nxd4 12. Nxd4) 11... Nf5 {[%emt 0:00:09] C17: French: 3 Nc3 Bb4 4 e5 c5 sidelines.} ({Black should play} 11... f6 $11) 12. Bxf5 $14 exf5 {[%emt 0:00:02] [#]} 13. O-O-O $146 ({Predecessor:} 13. Nxd4 Qh4+ 14. g3 Qg4 15. Ne2 Be6 16. O-O-O Rab8 17. h3 Qg6 18. g4 h6 19. gxf5 Bxf5 {1-0 (30) Drakaki,A (1949)-Batsi,L (1462) Thessaloniki/Chalkidiki 2019}) 13... Be6 (13... f6 $14 {should be considered.}) 14. Nxd4 $16 Qb6 (14... Qd7 $16 15. Kb1 Nxd4 16. Qxd4 b5) 15. N6xf5 $18 ({Much less strong is} 15. N4xf5 f6) 15... Na5 (15... Nxd4 $142 16. Nxd4 (16. Qxd4 Qa5 $16) 16... Bg4) 16. Nd6 {[%emt 0:00:14] [#] aiming for f5. Pair of Knights!} Nc4 17. Nxc4 {[%emt 0:00:02] Active counter play!} dxc4 18. f5 Bd5 (18... c3 19. Qxc3 Bxa2) 19. f6 gxf6 20. Nf5 c3 21. Qxc3 {[%emt 0:00:06] [#] Intending Qg3+ and mate.} Kh8 22. Rxd5 Qe6 23. Ne3 {[%emt 0:00:06] Threatens to win with Rf1.} Rac8 24. Qd4 {[%emt 0:00:03] Hoping for Rf1.} f5 25. b3 Rc6 26. Rd1 Qh6 27. Kb2 {[%emt 0:00:02] White threatens Rd8 and mate.} Kg8 28. Nxf5 {[%emt 0:00:02] Threatening mate with e6.} Qg5 29. Nd6 {[%emt 0:00:04] e6 is the strong threat.} Rfc8 30. Nxc8 {[%emt 0:00:02] White mates.} Rxc8 31. e6 Qe7 32. exf7+ Kf8 33. Qh8+ {[%emt 0:00:03] White took control after the opening.  Weighted Error Value: White=0.22 (precise) /Black=1.55} 1-0